 Dungeon Crawl Stone Soup version 0.23.1 (webtiles) character file.

Game seed: 2223792268029086464

261 poirepourri the Cudgeler (level 6, -2/37 HPs)
             Began as a Gargoyle Fighter on Mar 3, 2019.
             Blown up by Pikel (19 damage)
             ... with a wand of disintegration (16)
             ... on level 5 of the Dungeon.
             The game lasted 00:02:42 (2782 turns).

poirepourri the Cudgeler (Gargoyle Fighter)         Turns: 2782, Time: 00:02:43

Health: -2/37      AC: 15    Str: 19    XL:     6   Next: 18%
Magic:  6/6        EV:  5    Int:  9    God:
Gold:   100        SH: 12    Dex: 14    Spells: 5/5 levels left

rFire    . . .     SeeInvis .   a - +0 flail
rCold    . . .     Gourm    .   c - +3 shield
rNeg     + . .     Faith    .   k - +0 chain mail
rPois    ∞         Spirit   .   h - +0 helmet
rElec    +         Reflect  .   (no cloak)
rCorr    .         Harm     .   l - +0 pair of gloves
MR       .....                  (no boots)
Stlth    ..........             (no amulet)
HPRegen  0.12/turn              i - +3 ring of dexterity
MPRegen  0.10/turn              (no ring)

@: no status effects
A: negative energy resistance 1, electricity resistance, unbreathing,
petrification resistance, rot immunity, AC +4
a: no special abilities


You were on level 5 of the Dungeon.
You were not hungry.

You visited 1 branch of the dungeon, and saw 5 of its levels.

You collected 100 gold pieces.

Inventory:

Hand Weapons
 a - a +0 flail (weapon)
Armour
 c - a +3 shield (worn)
 h - a +0 helmet (worn)
 k - a +0 chain mail (worn)
 l - a +0 pair of gloves (worn)
Jewellery
 i - a +3 ring of dexterity (left hand)
Wands
 p - a wand of polymorph (8)
Scrolls
 b - 2 scrolls of identify
 m - a scroll of blinking {unknown}
 o - a scroll of fog
Potions
 e - 2 potions of mutation
 g - 4 potions of curing
 j - a potion of flight
Comestibles
 f - 4 rations


   Skills:
 - Level 3.2 Fighting
 + Level 6.3 Maces & Flails
 - Level 3.2 Armour
 - Level 3.2 Shields


You had 5 spell levels left.
You didn't know any spells.
Your spell library was empty.

Dungeon Overview and Level Annotations

Branches:
Dungeon (4/15)
 Temple: D:4-7

Altars:
Cheibriados
Elyvilon

Annotations:
D:5 Pikel


Innate Abilities, Weirdness & Mutations

You are resistant to torment.
Your stone body is resilient. (AC +4)
You are immune to poison.
You resist negative energy. (rN+)
You are resistant to electric shocks. (rElec)
You can survive without breathing.
You are immune to petrification.
You are immune to rotting.


Message History

Pikel shouts!
A slave comes into view.
The slave shouts!
You bludgeon the slave!!
The slave is severely wounded.
You hear a shout! x2
You block the slave's attack.
You bludgeon the slave!!
You kill the slave!
That felt strangely unrewarding.
You feel a little less mighty now.
A slave comes into view.
You sock the slave!
The slave is moderately wounded.
The slave hits you but does no damage.
Items here: ( )))) [[ Pikel zaps a wand.
You are blasted!
Pikel zaps a wand.
You are blasted!
Ouch! That really hurt!
You die...

### ### ..# ##.## #.#
##>..## #.# ##.....##
####p#######.......##
#.p.K)..@...........#
......##.####.##.......##
.#.#.
#.###...##.....####### #
#.##.....##...#....†..
..###...####.......###
### ##.## ####.##.# #.#
#.##.## #.# #.##..# ##'##
#.###.#


You could see Pikel and 2 slaves.

Vanquished Creatures
  A slave (D:5)
  2 orc priests (D:5)
  An orc wizard (D:5)
  2 gnolls (D:1)
  9 adders
  A shadow imp (D:5)
  An adder zombie (D:5)
  An adder skeleton (D:5)
  A worm (D:3)
  A leopard gecko (D:3)
  An orc (D:5)
  A ball python (D:1)
  8 bats
  3 giant cockroaches
  6 goblins
  7 hobgoblins
  2 jackals (D:3)
  2 quokkas
  2 frilled lizards
  3 kobolds
  11 rats
66 creatures vanquished.

Notes
Turn   | Place    | Note
-------+----------+-------------------------------------------
     0 | D:1      | poirepourri the Gargoyle Fighter began the quest for the
                  | Orb.
     0 | D:1      | Reached XP level 1. HP: 14/14 MP: 1/1
    83 | D:1      | Reached skill level 3 in Maces & Flails
    83 | D:1      | Reached XP level 2. HP: 18/19 MP: 2/2
   332 | D:1      | Reached XP level 3. HP: 13/23 MP: 3/3
   945 | D:2      | Reached skill level 4 in Maces & Flails
  1166 | D:2      | Found a white marble altar of Elyvilon.
  1247 | D:2      | Reached XP level 4. HP: 28/28 MP: 4/4
  2028 | D:3      | Reached skill level 5 in Maces & Flails
  2124 | D:3      | Reached XP level 5. HP: 32/32 MP: 5/5
  2339 | D:3      | Found a snail-covered altar of Cheibriados.
  2637 | D:4      | You fall through a shaft!
  2637 | D:5      | Entered Level 5 of the Dungeon
  2754 | D:5      | Reached skill level 6 in Maces & Flails
  2754 | D:5      | Reached XP level 6. HP: 28/37 MP: 6/6
  2771 | D:5      | Noticed a slave
  2772 | D:5      | Noticed Pikel
  2774 | D:5      | Noticed a slave
  2776 | D:5      | Killed a slave
  2776 | D:5      | Noticed a slave
  2782 | D:5      | Blown up by Pikel

Skill      XL: |  1  2  3  4  5 |
---------------+----------------+-----
Maces & Flails | 3 4 5 6 |  6.3
Fighting       | |  3.2
Armour         | |  3.2
Shields        | |  3.2

Action                   |  1- 3 |  4- 6 || total
-------------------------+-------+-------++-------
Melee: Flail             |   101 |   196 ||   297
  Use: Scroll            |     6 |     5 ||    11
       Potion            |       |     2 ||     2
  Eat: Ration            |     1 |     1 ||     2
Armor: Scale mail        |    34 |       ||    34
       Chain mail        |    30 |   172 ||   202
Dodge: Dodged            |    21 |    49 ||    70
Block: Shield            |    59 |   167 ||   226
